AoeStats
← Zuwordo!

Nomad

509514767Analyzed
3v3 RM · 6d ago on Sep 27, 2026· 50m 18s· 6 players
Game mode
Random Map
Map size
210×210
Population
200
Speed
Normal
Resources
Standard
Victory
Conquest
Starting age
Dark Age
Ending age
Imperial Age
RankedLock teamsTeams togetherTeam positionsShared explorationLock speedFull tech treeHidden civsTurbo modeCheats
Victory
Defeat
🇨🇱 Vikings · Chile
1155
+12
🇨🇱 Persians · Chile
1047
+17
🇨🇱 Khmer · Chile
1008
+18
🇹🇼 Slavs · Taiwan
1090
-17
🇹🇭 Burgundians · Thailand
1051
-15
🇦🇺 Vikings · Australia
1042
-15
Angusjack
9:27 Loom
13:16 Feudal Age
14:16 Double-Bit Axe
19:57 Castle Age
22:32 Bow Saw
26:25 Horse Collar
28:02 Pikeman
29:47 Heavy Plow
30:25 Town Watch
31:30 Fletching
32:04 Ballistics
34:31 Imperial Age
32:20 Crossbowman
32:58 Bodkin Arrow
33:36 Squires
33:56 Scale Mail Armor
34:07 Forging
33:58 Padded Archer Armor
35:16 Chain Mail Armor
34:45 Arbalester
36:34 Chemistry
35:37 Bracer
36:23 Gold Mining
37:06 Crop Rotation
37:47 Two-Man Saw
37:11 Conscription
36:51 Elite Varangian Guard
38:20 Iron Casting
38:00 Arson
39:25 Chieftains
41:41 Siege Engineers
41:33 Murder Holes
41:48 Masonry
47:22 Bogsveigar
48:35 Blast Furnace
48:05 Plate Mail Armor
47:51 Leather Archer Armor
單細胞
5:42 Loom
15:09 Feudal Age
17:57 Double-Bit Axe
17:55 Horse Collar
22:01 Castle Age
20:08 Gold Mining
20:16 Stone Mining
20:18 Gold Mining
23:04 Heavy Plow
27:04 Detinets
34:48 Wheelbarrow
34:50 Murder Holes
35:44 Redemption
35:53 Pikeman
36:34 Squires
SB 打碎小粉紅
6:15 Loom
11:44 Wheelbarrow
14:31 Feudal Age
17:13 Scale Barding Armor
17:18 Forging
19:47 Castle Age
19:41 Double-Bit Axe
19:50 Cavalier
20:35 Husbandry
20:39 Town Watch
21:43 Bow Saw
21:14 Horse Collar
22:05 Hand Cart
23:13 Gold Mining
26:55 Chain Barding Armor
28:16 Iron Casting
27:53 Heavy Plow
30:33 Stone Mining
RedLaig
19:00 Feudal Age
19:02 Man-at-Arms
20:07 Gold Mining
20:16 Horse Collar
22:10 Wheelbarrow
21:34 Arson
22:05 Scale Mail Armor
33:10 Forging
35:49 Double-Bit Axe
42:47 Castle Age
42:50 Bloodlines
43:10 Long Swordsman
44:10 Husbandry
46:37 Bow Saw
46:48 Heavy Plow
49:17 Gold Shaft Mining
Rolandreso
7:01 Loom
14:17 Feudal Age
18:55 Castle Age
19:07 Fishing Lines
19:52 Gillnets
20:24 Horse Collar
21:25 Wheelbarrow
20:59 Town Watch
22:13 Heavy Plow
22:29 Stone Mining
22:30 Gold Mining
22:36 Gold Mining
27:25 Double-Bit Axe
32:14 Imperial Age
33:32 Hand Cart
37:30 Citadels
41:06 Conscription
41:53 Scale Barding Armor
41:59 Forging
42:13 Fletching
42:23 Padded Archer Armor
42:24 Scale Mail Armor
43:15 Chain Barding Armor
44:22 Iron Casting
44:49 Chain Mail Armor
46:00 Elite War Elephant
48:37 Squires
49:53 Arson
49:54 Gambesons
50:47 Plate Barding Armor
50:16 Heavy Scorpion
Zuwordo!
8:47 Loom
13:18 Feudal Age
15:16 Double-Bit Axe
16:59 Town Watch
17:29 Forging
21:26 Castle Age
19:51 Gold Mining
19:51 Horse Collar
20:13 Fishing Lines
20:47 Man-at-Arms
21:13 Arson
21:29 Scale Mail Armor
22:19 Medium Warships
22:47 Chain Mail Armor
21:53 Long Swordsman
22:14 Pikeman
23:37 Bow Saw
24:18 Squires
25:11 Gillnets
30:28 Iron Casting
38:46 Imperial Age
41:14 Two-Man Saw
39:39 Elite Varangian Guard
40:26 Capped Ram
42:15 Plate Mail Armor
41:58 Siege Ram
43:54 Blast Furnace
43:39 Long Swordsman
44:50 Two-Handed Swordsman
45:50 Heavy Plow
45:40 Champion
49:25 Heavy Scorpion
Connection lost

Rejoining the realm…

Still unreachable

The connection could not be restored.

Session expired

The server has moved on; the page needs a fresh start.